 Dungeon Crawl Stone Soup version 0.29.1-1-gd02db69 (webtiles) character file.

Game seed: 2792297134933712911

386 Kel the Chopper (level 6, -2/37 HPs)
             Began as a Gargoyle Berserker on Mar 26, 2023.
             Was a Believer of Trog.
             Slain by a killer bee (4 damage)
             ... on level 4 of the Dungeon.
             The game lasted 00:13:44 (4256 turns).

Kel the Chopper (Gargoyle Berserker)                Turns: 4256, Time: 00:13:45

Health: -2/37      AC: 14    Str: 22    XL:     6   Next: 78%
Magic:  6/6        EV:  8    Int:  8    God:    Trog [**....]
Gold:   107        SH:  0    Dex:  9    Spells: 5/5 levels left

rFire   . . .      SeeInvis +   a - +0 hand axe
rCold   . . .      Faith    .   (no shield)
rNeg    + . .      Spirit   .   s - +0 chain mail
rPois   ∞          Reflect  .   (no helmet)
rElec   +          Harm     .   (no cloak)
rCorr   .          Rampage  .   (no gloves)
Will    .....                   q - +0 pair of boots
Stlth   ..........              (no amulet)
HPRegen 0.12/turn               o - ring of see invisible
MPRegen 0.10/turn               (no ring)

@: no status effects
A: sickness immunity, AC +4, negative energy resistance 1, electricity
resistance, torment resistance 1, petrification resistance
a: Renounce Religion, Berserk, Trog's Hand


You were on level 4 of the Dungeon.
You worshipped Trog.
Trog was pleased with you.
You visited 1 branch of the dungeon, and saw 5 of its levels.

You collected 107 gold pieces.

Inventory:

Hand Weapons
 a - a +0 hand axe (weapon)
Armour
 q - a +0 pair of boots (worn)
 s - a +0 chain mail (worn)
Jewellery
 o - a ring of see invisible (left hand)
Scrolls
 d - 2 scrolls of teleportation {unknown}
 f - 2 scrolls of silence {unknown}
 h - 3 scrolls of identify {unknown}
 j - a scroll of enchant weapon {unknown}
 k - a scroll of noise {unknown}
 l - a scroll of amnesia {unknown}
 m - 2 scrolls of vulnerability {unknown}
 p - a scroll of butterflies {unknown}
Potions
 b - a potion of haste
 c - 4 potions of heal wounds {unknown}
 e - a potion of brilliance {unknown}
 g - a potion of resistance {unknown}
 i - a potion of might {unknown}
 n - a potion of flight {unknown}
 r - a potion of invisibility {unknown}


   Skills:
 - Level 3.2 Fighting
 + Level 6.7 Axes
 - Level 2.1 Armour
 - Level 1.5 Dodging


You had 5 spell levels left.
You didn't know any spells.
Your spell library was empty.

Dungeon Overview and Level Annotations

Branches:
Dungeon (5/15)
 Temple: D:4-7

Altars:
Nemelex Xobeh
Sif Muna


Innate Abilities, Weirdness & Mutations

You are immune to sickness and miasma.
Your stone body is resilient. (AC +4)
You are immune to poison.
You resist negative energy. (rN+)
You are resistant to electric shocks. (rElec)
You are resistant to unholy torment.
You are immune to petrification.


Message History

The killer bee barely misses you. The killer bee closely misses you.
You miss the killer bee.
The killer bee is severely wounded.
The killer bee stings you but does no damage.
The killer bee barely misses you.
You closely miss the killer bee.
The killer bee is severely wounded.
The killer bee barely misses you. x2
You barely miss the killer bee.
The killer bee is severely wounded.
The killer bee stings you but does no damage.
You completely miss the killer bee.
The killer bee is severely wounded.
The killer bee stings you. The killer bee completely misses you.
You completely miss the killer bee.
The killer bee is severely wounded.
The killer bee closely misses you. The killer bee stings you.
* * * LOW HITPOINT WARNING * * *
You closely miss the killer bee.
The killer bee is severely wounded.
The killer bee stings you but does no damage. x2
You miss the killer bee.
The killer bee is severely wounded.
The killer bee barely misses you. The killer bee stings you.
* * * LOW HITPOINT WARNING * * *
You miss the killer bee.
The killer bee is severely wounded.
The killer bee stings you but does no damage.
The killer bee stings you.
* * * LOW HITPOINT WARNING * * *
You barely miss the killer bee.
The killer bee is severely wounded.
The killer bee barely misses you.
The killer bee stings you but does no damage.
You barely miss the killer bee.
The killer bee is severely wounded.
The killer bee stings you.
* * * LOW HITPOINT WARNING * * *
The killer bee stings you.
You die...

.........##..## #.P.#
######....##..## #.P.#
##....##..## #...# ##....##..##
#...# ###...##..###.#.#
##...#...##.#.# ######
##.......#.#.#
##....######........#.#
##..........##.^@......#
#...............y......#
....................._.##
........................## #
.........................## ##
.....>...............#....## ###.
.~.~.................#.....###...
..⌠~.....(...........#......#..##
.~.~........<......#.#.......<..#


You could see a killer bee.

Vanquished Creatures
  Sigmund (D:4)
  A phantom (D:4)
  An iguana (D:4)
  5 adders
  2 worms
  An orc (D:3)
  3 ball pythons
  11 endoplasms
  12 giant cockroaches
  7 goblins
  4 hobgoblins
  7 jackals
  3 quokkas
  A bat (D:1)
  3 frilled lizards (D:1)
  8 kobolds
  3 rats
73 creatures vanquished.

Notes
Turn   | Place    | Note
-------+----------+-------------------------------------------
     0 | D:1      | Kel the Gargoyle Berserker began the quest for the Orb.
     0 | D:1      | Reached XP level 1. HP: 14/14 MP: 1/1
    26 | D:1      | Reached skill level 3 in Axes
   171 | D:1      | Reached XP level 2. HP: 19/19 MP: 2/2
   477 | D:1      | Reached XP level 3. HP: 23/23 MP: 3/3
   987 | D:2      | Reached skill level 4 in Axes
  1277 | D:2      | Reached ** piety under Trog
  1288 | D:2      | Reached XP level 4. HP: 19/28 MP: 4/4
  2154 | D:3      | Found a sparkling altar of Nemelex Xobeh.
  2741 | D:3      | Found a faded altar of an unknown god.
  3061 | D:4      | Found a shimmering blue altar of Sif Muna.
  3109 | D:4      | Noticed a phantom
  3129 | D:4      | Killed a phantom
  3130 | D:4      | Reached skill level 5 in Axes
  3130 | D:4      | Reached XP level 5. HP: 25/32 MP: 5/5
  3296 | D:4      | Noticed Sigmund
  3303 | D:4      | Killed Sigmund
  3304 | D:4      | Reached skill level 6 in Axes
  3304 | D:4      | Reached XP level 6. HP: 37/37 MP: 6/6
  4226 | D:5      | Entered Level 5 of the Dungeon
  4226 | D:5      | Noticed an ice beast
  4256 | D:4      | Slain by a killer bee

Illustrated notes

Levels and vault maps discovered:
D:1:      lemuel_arrival_funnel, layout_loops_cross
D:2:      minmay_roachtagon, layout_basic, kennysheep_cross_room,
          hex_intersection, st_stairs_8, grunt_ministairs_2
D:3:      layout_basic, overflow_temple_1_default,
          ebering_ecumenical_altar_abandoned
D:4:      layout_cave_pods, mainiacjoe_overflow_boulevard,
          corexii_leaking_fountain, uniq_sigmund
D:5:      layout_layer_cave, mainiacjoe_overflow_paths, fedhas_altar_1,
          grunt_temple_overflow_open, serial_glass, glass_columns_a,
          glass_columns_a, glass_columns_a, glass_columns_a, uniq_eustachio

Skill      XL: |  1  2  3  4  5 |
---------------+----------------+-----
Axes           | 3 4 5 6 |  6.7
Fighting       | |  3.2
Armour         | |  2.1
Dodging        | |  1.5

Action                   |  1- 3 |  4- 6 || total
-------------------------+-------+-------++-------
Melee: Hand axe          |   112 |   180 ||   292
       Punch             |       |     1 ||     1
Invok: Berserk           |       |     1 ||     1
Armor: Animal skin       |     6 |       ||     6
       Leather armour    |    24 |       ||    24
       Ring mail         |    21 |    33 ||    54
       Chain mail        |       |    52 ||    52
Dodge: Dodged            |    86 |    82 ||   168
